 Dungeon Crawl Stone Soup version 0.30-a0-605-gb2882149bf (webtiles) character file.

Game seed: 3358980805709883869

3167 bande the Cleaver (level 9, -1/56 HPs)
             Began as a Gargoyle Fighter on Jan 8, 2023.
             Slain by a troll (8 damage)
             ... on level 6 of the Dungeon.
             The game lasted 00:13:20 (5706 turns).

bande the Cleaver (Gargoyle Fighter)                Turns: 5706, Time: 00:13:21

Health: -1/56      AC: 26    Str: 20    XL:     9   Next: 94%
Magic:  9/9        EV:  6    Int:  9    God:
Gold:   346        SH: 10    Dex: 13    Spells: 8/8 levels left

rFire   + . .      SeeInvis .    a - +1 war axe
rCold   + . .      Faith    .    B - +0 kite shield
rNeg    + . .      Spirit   .    c - +2 chain mail {rC+}
rPois   ∞          Reflect  .    n - +0 helmet
rElec   +          Harm     .    i - +0 cloak
rCorr   .          Rampage  .    s - +2 pair of gloves
Will    +....                    k - +0 pair of boots Stlth
                                 (no amulet)
HPRegen 0.29/turn                o - ring of protection from fire
MPRegen 0.11/turn                b - ring of willpower

@: studying Shields
A: sickness immunity, AC +6, negative energy resistance 1, electricity
resistance, torment resistance 1, petrification resistance
a: no special abilities


You were on level 6 of the Dungeon.
You visited 1 branch of the dungeon, and saw 6 of its levels.
You also visited: Sewer.

You collected 346 gold pieces.

Inventory:

Hand Weapons
 a - a +1 war axe (weapon)
 f - a +0 war axe
 r - a +1 falchion of flaming
 t - a +0 flail
Armour
 c - a +2 chain mail of cold resistance (worn)
 i - a +0 cloak (worn)
 k - a +0 pair of boots (worn)
 n - a +0 helmet (worn)
 s - a +2 pair of gloves (worn)
 B - a +0 kite shield (worn)
Jewellery
 b - a ring of willpower (right hand)
 m - a ring of positive energy
 o - a ring of protection from fire (left hand)
 p - a ring of protection from fire
 v - a +6 ring of intelligence
 w - a +4 ring of protection
Wands
 x - a wand of flame (9)
 y - a wand of polymorph (17)
Scrolls
 h - 3 scrolls of teleportation
 A - a scroll of blinking
Potions
 d - a potion of might
 e - a potion of invisibility
 g - a potion of curing
 j - a potion of flight
 l - 2 potions of haste
 q - a potion of cancellation {unknown}
 u - a potion of brilliance
 z - a potion of mutation


   Skills:
 + Level 6.3 Fighting
 + Level 9.2 Axes
 + Level 7.0 Armour
 - Level 0.1 Dodging
 + Level 7.8 Shields
 * Level 2.3 Evocations


You had 8 spell levels left.
You didn't know any spells.
Your spell library contained the following spells:

 Spells                   Type           Power      Damage    Failure   Level
 Poisonous Vapours        Pois/Air       0%         N/A       100%        2
 Static Discharge         Conj/Air       0%         2-2/arc   100%        2
 Call Canine Familiar     Summ           0%         N/A       100%        3
 Mephitic Cloud           Conj/Pois/Air  0%         N/A       100%        3
 Portal Projectile        Hex/Tloc       0%         N/A       100%        3
 Vhi's Electric Charge    Tloc/Air       0%         N/A       100%        3
 Leda's Liquefaction      Hex/Erth       0%         N/A       100%        4
 Arcjolt                  Conj/Air       0%         1d10      100%        5
 Lightning Bolt           Conj/Air       0%         1d11      100%        5
 Cigotuvi's Dreadful Rot  Necr/Pois/Air  Unusable   N/A       N/A         2

Dungeon Overview and Level Annotations

Branches:
Dungeon (6/15)              Sewer (visited)
 Temple: D:4-7

Altars:
Elyvilon
Hepliaklqana
Wu Jian


Innate Abilities, Weirdness & Mutations

You are immune to sickness and miasma.
Your stone body is resilient. (AC +6)
You are immune to poison.
You resist negative energy. (rN+)
You are resistant to electric shocks. (rElec)
You are resistant to unholy torment.
You are immune to petrification.


Message History

You are too injured to fight recklessly!
You are too injured to fight recklessly!
You are too injured to fight recklessly!
You are too injured to fight recklessly!
You are too injured to fight recklessly!
You are too injured to fight recklessly!
You are too injured to fight recklessly!
You slash the troll!
The troll is heavily wounded.
You block the troll's attack.
The troll claws you but does no damage. x2
The troll bites you!
* * * LOW HITPOINT WARNING * * *
You block the troll's attack. x2
You closely miss the troll.
The troll is heavily wounded.
You block the troll's attack. The troll claws you but does no damage.
The troll barely misses you. The troll bites you but does no damage.
The troll barely misses you. The troll claws you but does no damage.
You barely miss the troll.
The troll is heavily wounded.
The troll barely misses you.
The troll claws you but does no damage. x2
You slash the troll!
The troll is severely wounded.
You feel yourself speed up. You block the troll's attack.
The troll claws you but does no damage. x2
The troll bites you.
* * * LOW HITPOINT WARNING * * *
The troll claws you but does no damage. You block the troll's attack.
You hit the troll but do no damage.
The troll is severely wounded.
The troll bites you but does no damage. The troll claws you but does no damage.
The troll completely misses you.
You slash the troll!
The troll is almost dead.
The troll bites you but does no damage. You block the troll's attack.
The troll claws you but does no damage.
You barely miss the troll.
The troll is almost dead.
You block the troll's attack. The troll claws you!
You die...

#....[...##..#
#.#...#...##
..##.....#..##
#.#########
####.......##
#.# #.....###
#.# ## #.....#
##.#
.###.....#
#..#
..##.....#
####.##
#...######
#....# .....#
#@##.# ######
#T8### .####
'..'.
....######
8#..#8..
#........###
########.#
##.#####...# .
[) # #.# ###.#
# ## #.# #.#
#.# #.#


You could see a troll.

Vanquished Creatures
  Pikel (D:4)
  A troll (D:6)
  Grinder (D:4)
  A wyvern (D:6)
  A wraith (D:6)
  Menkaure (D:5)
  A water moccasin (D:6)
  4 black bears
  A sky beast (D:6)
  An ice beast (D:4)
  An ogre (D:6)
  A centaur (D:6)
  A phantom (D:5)
  A kobold brigand (D:6)
  2 bullfrogs (Sewer)
  A necrophage (D:4)
  2 scorpions (D:6)
  Crazy Yiuf (D:3)
  2 orc priests (D:5)
  2 gnoll boudas
  A hound (D:6)
  2 iguanas (D:5)
  2 orc wizards
  Robin (D:4)
  13 gnolls
  3 adders
  A shadow imp (D:5)
  2 white imps (D:6)
  An ufetubus (D:6)
  2 worms (D:6)
  4 dart slugs
  19 orcs
  6 bats
  9 endoplasms
  7 giant cockroaches
  12 goblins
  4 hobgoblins
  11 kobolds
  13 quokkas
  23 ball pythons
  10 frilled lizards
  6 rats
179 creatures vanquished.

Notes
Turn   | Place    | Note
-------+----------+-------------------------------------------
     0 | D:1      | bande the Gargoyle Fighter began the quest for the Orb.
     0 | D:1      | Reached XP level 1. HP: 14/14 MP: 1/1
    56 | D:1      | Reached XP level 2. HP: 19/19 MP: 2/2
   223 | D:1      | Reached skill level 2 in Axes
   584 | D:1      | Reached XP level 3. HP: 23/23 MP: 3/3
   834 | D:2      | Found a white marble altar of Elyvilon.
  1284 | D:3      | Found a runed translucent door.
  1288 | D:3      | Noticed Crazy Yiuf
  1415 | D:3      | Reached XP level 4. HP: 29/29 MP: 4/4
  1722 | D:3      | Killed Crazy Yiuf
  1723 | D:3      | Reached skill level 3 in Axes
  1957 | D:4      | Noticed a black bear
  1959 | D:4      | Noticed an ice beast
  1969 | D:4      | Killed a black bear
  1970 | D:4      | Reached XP level 5. HP: 21/33 MP: 5/5
  1979 | D:4      | HP: 1/33 [ice beast (14)]
  1980 | D:4      | Killed an ice beast
  1981 | D:4      | Reached skill level 4 in Axes
  1981 | D:4      | Reached XP level 6. HP: 2/38 MP: 6/6
  2054 | D:4      | Noticed a black bear
  2065 | D:4      | Noticed Menkaure
  2070 | D:5      | Entered Level 5 of the Dungeon
  2231 | D:5      | Killed Menkaure
  2318 | D:4      | Reached skill level 5 in Axes
  2318 | D:4      | Reached XP level 7. HP: 41/44 MP: 7/7
  2379 | D:4      | Reached skill level 5 in Armour
  2503 | D:4      | Noticed Robin
  2517 | D:4      | Killed Robin
  2563 | D:4      | Found an ornate altar of the Wu Jian Council.
  2670 | D:4      | Noticed Grinder
  2676 | D:4      | Paralysed by Grinder for 3 turns
  2699 | D:4      | Killed Grinder
  2810 | D:4      | Reached skill level 6 in Axes
  2915 | D:4      | Reached XP level 8. HP: 47/48 MP: 8/8
  3168 | D:5      | Noticed Pikel
  3202 | D:4      | Killed Pikel
  3203 | D:4      | Reached skill level 5 in Fighting
  3203 | D:4      | Reached skill level 7 in Axes
  3203 | D:4      | Reached skill level 5 in Shields
  4267 | D:5      | Reached XP level 9. HP: 40/54 MP: 9/9
  4540 | D:6      | Noticed a troll
  4553 | D:6      | Reached skill level 8 in Axes
  4557 | D:6      | Killed a troll
  4780 | D:6      | Reached skill level 1 in Evocations
  4948 | D:6      | Found a hazy altar of Hepliaklqana.
  5051 | D:6      | Found a glowing drain.
  5078 | Sewer    | Entered a sewer
  5651 | D:6      | Noticed a troll
  5657 | D:6      | Reached skill level 9 in Axes
  5706 | D:6      | Slain by a troll

Illustrated notes

Levels and vault maps discovered:
D:1:      heliophobic_arrival_dark_side_of_the_moon, layout_basic
D:2:      layout_basic, basic_altar, minmay_octomino_j4
D:3:      layout_rooms, uniq_crazy_yiuf_cottage
D:4:      layout_loops_ring, mainiacjoe_overflow_paths,
          minmay_manual_monstrance, uniq_robin, uniq_menkaure, uniq_grinder
D:5:      layout_loops_ring, st_stairs_2, uniq_pikel
D:6:      minmay_chambers_of_sixes, layout_rooms,
          worldfamousw_hep_ancestral_shrine, cheibrodos_sewer_entry_bend

Skill      XL: |  1  2  3  4  5  6  7  8  9 |
---------------+----------------------------+-----
Axes           | 2 3 4 5 6 7 9 |  9.2
Armour         | 4 5 6 7 |  7.0
Fighting       | 4 5 6 |  6.3
Shields        | 4 5 7 |  7.8
Evocations     | 2 |  2.3
Dodging        | |  0.1

Action                   |  1- 3 |  4- 6 |  7- 9 || total
-------------------------+-------+-------+-------++-------
Melee: War axe           |   134 |    65 |   482 ||   681
  Use: Scroll            |     8 |     1 |     5 ||    14
       Potion            |       |       |     1 ||     1
Armor: Scale mail        |    81 |       |       ||    81
       Chain mail        |    11 |    66 |   417 ||   494
Dodge: Dodged            |    55 |    21 |   142 ||   218
Block: Buckler           |    35 |     9 |    44 ||    88
       Kite shield       |       |       |   218 ||   218

Table legend: (Time is in decaauts)
 A = Elapsed time spent in this place.
 B = Non-inter-level travel time spent in this place.
 C = Inter-level travel time spent in this place.
 D = Time resting spent in this place.
 E = Time spent auto-exploring this place.
 F = Levels seen in this place.
 G = Mean time per level.
                   A        B        C        D        E       F      G
               +--------+--------+--------+--------+--------+-----+--------+
         Total |   5954 |   5811 |    143 |   1104 |   2948 |   7 |  850.6 |
       Dungeon |   5572 |   5429 |    143 |   1104 |   2798 |   6 |  928.7 |
         Sewer |    382 |    382 |      0 |      0 |    150 |   1 |  382.0 |
               +--------+--------+--------+--------+--------+-----+--------+

Top non-repeatable levels by time:
     D:5: 1362 daAuts
     D:4: 1310 daAuts
     D:6: 912 daAuts
     D:1: 797 daAuts
     D:3: 712 daAuts
     D:2: 476 daAuts
   Sewer: 382 daAuts
